 Dungeon Crawl Stone Soup version 0.28-a0-751-gef3a642a4e (webtiles) character file.

Game seed: 6800921210230079708

931 KoroneIsBestGirl the Covered (level 8, 0/65 HPs)
             Began as a Barachi Fighter on Oct 31, 2021.
             Slain by a gnoll (4 damage)
             ... on level 5 of the Dungeon.
             The game lasted 00:06:13 (5764 turns).

KoroneIsBestGirl the Covered (Barachi Fighter)      Turns: 5764, Time: 00:06:14

Health: 0/65       AC: 12    Str: 20    XL:     8   Next: 11%
Magic:  8/8        EV:  9    Int:  9    God:
Gold:   235        SH:  6    Dex: 17    Spells: 7/7 levels left

rFire   . . .      SeeInvis .   y - +0 scimitar (holy)
rCold   . . .      Faith    .   c - +0 buckler
rNeg    . . .      Spirit   .   b - +0 scale mail
rPois   .          Reflect  .   (no helmet)
rElec   .          Harm     .   s - +0 cloak
rCorr   .          Rampage  .   x - +0 pair of gloves
Will    +....                   (no boots)
Stlth   ..........              (no amulet)
HPRegen 0.20/turn               u - +6 ring of dexterity
MPRegen 0.11/turn               (no ring)

@: mighty, lethally poisoned (0 -> -16), attractive, unable to read, slow
A: amphibious, slowness 1, strong legs 1, +LOS, iridescent scales 1,
strong-willed 1, inability to read while threatened
a: Hop


You were on level 5 of the Dungeon.
You visited 1 branch of the dungeon, and saw 5 of its levels.
You also visited: Ossuary.

You collected 235 gold pieces.

Inventory:

Hand Weapons
 a - a +0 long sword
 y - a +0 scimitar of holy wrath (weapon)
Missiles
 e - 2 throwing nets
Armour
 b - a +0 scale mail (worn)
 c - a +0 buckler (worn)
 s - a +0 cloak (worn)
 x - a +0 pair of gloves (worn)
Jewellery
 h - a ring of magical power
 u - a +6 ring of dexterity (left hand)
Scrolls
 f - 2 scrolls of teleportation {unknown}
 j - a scroll of magic mapping
 k - a scroll of identify
 m - a scroll of enchant weapon {unknown}
 r - a scroll of blinking {unknown}
 t - a scroll of brand weapon {unknown}
Potions
 d - a potion of might
 i - a potion of brilliance {unknown}
 l - a potion of curing {unknown}
 n - 2 potions of magic {unknown}
 o - 2 potions of flight {unknown}
 p - a potion of cancellation {unknown}
 q - a potion of mutation
 v - a potion of ambrosia {unknown}
 w - a potion of lignification {unknown}


   Skills:
 + Level 6.4 Fighting
 + Level 5.9 Long Blades
 + Level 6.5 Armour
 - Level 0.2 Dodging
 + Level 5.8 Shields


You had 7 spell levels left.
You didn't know any spells.
Your spell library contained the following spells:

 Spells                   Type           Power      Damage    Failure   Level
 Slow                     Hex            0%         N/A       71%         1
 Blink                    Tloc           0%         N/A       85%         2
 Confusing Touch          Hex            0%         N/A       97%         3
 Lesser Beckoning         Tloc           0%         N/A       97%         3
 Vampiric Draining        Necr           0%         2d6       97%         3
 Manifold Assault         Tloc           0%         N/A       100%        5
 Yara's Violent Unravell  Hex/Tmut       0%         3d3       100%        5


Dungeon Overview and Level Annotations

Branches:
Dungeon (5/15)            Ossuary (visited)
 Temple: D:4-7

Altars:
Nemelex Xobeh

Annotations:
D:3 1 runed translucent door, Crazy Yiuf


Innate Abilities, Weirdness & Mutations

You are amphibious.
You cover ground slowly.
You can hop short distances.
You have an extended range of vision and can be seen from far away.
You are partially covered in iridescent scales. (AC +2)
You are strong-willed. (Will+)
You sometimes lose the ability to read scrolls when taking damage.


Message History

A gnoll sergeant is nearby!
The gnoll sergeant hits you from afar with a +3 spear of venom.
You are poisoned.
You feel very sick.
You feel very sick.
You feel sick.
You feel sick.
The gnoll sergeant hits you but does no damage.
You are more poisoned.
You feel very sick.
You feel very mighty all of a sudden.
You feel sick. The gnoll sergeant barely misses you.
You feel very sick. You block the gnoll's attack.
The gnoll sergeant hits you but does no damage.
You are more poisoned.
You hit the gnoll sergeant.
The gnoll sergeant is lightly wounded.
* * * LOW HITPOINT WARNING * * *
You feel very sick. The gnoll hits you but does no damage.
The gnoll sergeant hits you with a +3 spear of venom.
* * * LOW HITPOINT WARNING * * *
You are lethally poisoned!
A gnoll comes into view. It is wielding a +0 flail.
As you read the scroll labelled JUESTR TOEFF, it crumbles to dust.
It is a scroll of identify.
j - a scroll of magic mapping
* * * LOW HITPOINT WARNING * * *
You feel very sick.
The gnoll shouts!
The gnoll completely misses you. You block the gnoll sergeant's attack.
Okay, then.
It was a potion of attraction.
You feel attractive to monsters.
* * * LOW HITPOINT WARNING * * *
You feel very sick.
The gnoll hits you from afar with a +0 halberd.
You feel threatened and lose the ability to read scrolls!
You die...

..#..# #...#
....## ###.##
#...### #..##
#.....#####
##..#
#..##.....###
##g#
..#######...#
##.### ###
###.## #....#
#..######g...#
##....@gg....#
########....#
#....# #....#
######


You could see a gnoll sergeant and 2 gnolls.

Vanquished Creatures
  Menkaure (D:5)
  A black bear (D:4)
  Pargi (D:3)
  An ogre (D:4)
  A kobold brigand (D:4)
  A water moccasin zombie (Ossuary)
  A jelly (D:5)
  An iguana (D:5)
  Natasha (thrice) (D:3)
  A hound skeleton (D:5)
  2 mummies (Ossuary)
  3 gnolls (D:2)
  10 adders
  A white imp (D:5)
  2 adder skeletons (D:4)
  5 adder zombies (Ossuary)
  2 worms
  3 dart slugs
  6 orcs
  5 endoplasms
  A giant cockroach (D:3)
  3 gnoll zombies (Ossuary)
  5 goblins
  7 hobgoblins
  4 jackals (D:1)
  6 kobolds
  7 quokkas
  7 ball pythons
  8 bats
  3 frilled lizards
  5 hobgoblin zombies (Ossuary)
  5 kobold zombies (Ossuary)
  2 orc zombies (Ossuary)
  7 rats
121 creatures vanquished.

Notes
Turn   | Place    | Note
-------+----------+-------------------------------------------
     0 | D:1      | KoroneIsBestGirl the Barachi Fighter began the quest for
                  | the Orb.
     0 | D:1      | Reached XP level 1. HP: 18/18 MP: 1/1
   127 | D:1      | Reached XP level 2. HP: 21/25 MP: 2/2
   631 | D:1      | Reached XP level 3. HP: 29/30 MP: 3/3
  1581 | D:2      | You fall into a shaft and drop 2 floors!
  1704 | D:4      | Reached XP level 4. HP: 27/37 MP: 4/4
  1818 | D:4      | Found a sand-covered staircase.
  1882 | Ossuary  | Entered an ossuary
  2118 | Ossuary  | Reached XP level 5. HP: 28/43 MP: 5/5
  2293 | Ossuary  | Gained mutation: You sometimes lose the ability to read
                  | scrolls when taking damage. [potion of mutation]
  2293 | Ossuary  | Gained mutation: You are strong-willed. (Will+) [potion of
                  | mutation]
  2293 | Ossuary  | Gained mutation: You are partially covered in iridescent
                  | scales. (AC +2) [potion of mutation]
  2684 | D:4      | Noticed a black bear
  2691 | D:4      | Killed a black bear
  2692 | D:4      | Reached skill level 5 in Fighting
  2692 | D:4      | Reached skill level 5 in Armour
  2692 | D:4      | Reached XP level 6. HP: 46/51 MP: 6/6
  2929 | D:4      | Reached XP level 7. HP: 15/56 MP: 7/7
  3289 | D:3      | Found a sparkling altar of Nemelex Xobeh.
  3328 | D:3      | Reached skill level 5 in Long Blades
  3328 | D:3      | Reached skill level 5 in Shields
  3983 | D:3      | Noticed Natasha
  3988 | D:3      | Killed Natasha
  4062 | D:3      | Noticed Natasha
  4074 | D:3      | Killed Natasha
  4304 | D:3      | Noticed Natasha
  4313 | D:3      | Killed Natasha
  4712 | D:3      | Noticed Pargi
  4730 | D:3      | Killed Pargi
  4874 | D:3      | Found a runed translucent door.
  4875 | D:3      | Noticed Crazy Yiuf
  5502 | D:5      | Entered Level 5 of the Dungeon
  5688 | D:5      | Noticed Menkaure
  5694 | D:5      | Killed Menkaure
  5695 | D:5      | Reached XP level 8. HP: 34/65 MP: 8/8
  5764 | D:5      | Slain by a gnoll

Illustrated notes

Levels and vault maps discovered:
D:1:      kennysheep_arrival_forest, layout_loops_cross
D:2:      layout_loops_ring
D:3:      layout_basic, overflow_temple_1_default, uniq_crazy_yiuf_cottage,
          uniq_natasha, uniq_pargi
D:4:      layout_gridville, enter_ossuary_1, grunt_decor_arrowhead,
          bh_walls_and_bars
D:5:      layout_rooms, minmay_misc_feat_iff, uniq_ijyb, uniq_menkaure,
          uniq_grinder

Skill      XL: |  1  2  3  4  5  6  7 |
---------------+----------------------+-----
Long Blades    | 3 4 5 |  5.9
Armour         | 4 5 6 |  6.5
Fighting       | 4 5 6 |  6.4
Shields        | 4 5 |  5.8
Dodging        | |  0.2

Action                   |  1- 3 |  4- 6 |  7- 9 || total
-------------------------+-------+-------+-------++-------
Melee: Long sword        |   139 |   166 |   150 ||   455
       Scimitar          |       |       |    24 ||    24
 Abil: Hop               |       |     1 |       ||     1
  Use: Potion            |       |     1 |     2 ||     3
       Scroll            |       |       |     1 ||     1
Armor: Scale mail        |    75 |    57 |    87 ||   219
Dodge: Dodged            |    69 |    63 |    74 ||   206
Block: Buckler           |    38 |    31 |    57 ||   126

Table legend: (Time is in decaauts)
 A = Elapsed time spent in this place.
 B = Non-inter-level travel time spent in this place.
 C = Inter-level travel time spent in this place.
 D = Time resting spent in this place.
 E = Time spent auto-exploring this place.
 F = Levels seen in this place.
 G = Mean time per level.
                   A        B        C        D        E       F      G
               +--------+--------+--------+--------+--------+-----+--------+
         Total |   6478 |   6281 |    197 |      5 |   5175 |   6 | 1079.7 |
       Dungeon |   5728 |   5531 |    197 |      5 |   4674 |   5 | 1145.6 |
       Ossuary |    749 |    749 |      0 |      0 |    501 |   1 |  749.0 |
               +--------+--------+--------+--------+--------+-----+--------+

Top non-repeatable levels by time:
     D:4: 1578 daAuts
     D:3: 1513 daAuts
     D:1: 1446 daAuts
     D:2: 909 daAuts
 Ossuary: 749 daAuts
     D:5: 280 daAuts
